 Dungeon Crawl Stone Soup version 0.30-a0-779-g7971cf19c3 (webtiles) character file.

Game seed: 13316651806431499076

5 Esekla the Sneak (level 1, 0/16 HPs)
             Began as an Octopode Delver on Feb 17, 2023.
             Slain by an orc wizard
             ... wielding a +0 dagger
              (2 damage)
             ... on level 5 of the Dungeon.
             The game lasted 00:01:15 (69 turns).

Esekla the Sneak (Octopode Delver)                    Turns: 69, Time: 00:01:16

Health: 0/16       AC:  1    Str: 11    XL:     1   Next: 80%
Magic:  1/1        EV: 13    Int: 12    God:
Gold:   8          SH:  0    Dex: 13    Spells: 0/0 levels left

rFire   . . .      SeeInvis .    a - +0 falchion
rCold   . . .      Faith    .    (no shield)
rNeg    . . .      Spirit   .    (helmet restricted)
rPois   .          Reflect  .    (no amulet)
rElec   .          Harm     .    (no ring)
rCorr   .          Rampage  .    (no ring)
Will    .....                    (no ring)
Stlth   ++                       (no ring)
HPRegen 0.22/turn                (no ring)
MPRegen 0.07/turn                (no ring)
                                 (no ring)
                                 (no ring)

@: confused
A: almost no armour, amphibious, 8 rings, camouflage 1, gelatinous body 1,
(nimble swimmer 1), tentacles
a: no special abilities


You were on level 5 of the Dungeon.
You visited 2 branches of the dungeon, and saw 2 of its levels.

You collected 8 gold pieces.

Inventory:

Hand Weapons
 a - a +0 falchion (weapon)
Wands
 f - a wand of digging (3)
Scrolls
 b - a scroll of fog
 d - a scroll of fear
Potions
 e - a potion of haste


   Skills:
 * Level 3.0 Fighting
 * Level 2.0 Long Blades
 * Level 2.0 Dodging
 + Level 6.7 Stealth
 * Level 0.2 Spellcasting


You couldn't memorise any spells.
You didn't know any spells.
Your spell library was empty.

Dungeon Overview and Level Annotations

Branches:
Dungeon (5/15)             Temple (1/1) D:5

Altars:
Fedhas
Gozag
Qazlal
Trog
Xom
Zin
The Shining One

Annotations:
Temple 2 transporters


Innate Abilities, Weirdness & Mutations

You cannot wear most types of armour.
You are amphibious.
You can wear up to eight rings at the same time.
Your skin changes colour to match your surroundings (Stealth+).
Your rubbery body absorbs attacks. (AC +1, EV +1)
((You are camouflaged when in or above water. (Stealth+)))
You have tentacles for arms and can constrict up to eight enemies at once.


Message History

Found a stone staircase leading up.
Found a hand axe and a scroll labelled SEPLEAF FEMMO.
Found a dagger.
A dart slug comes into view.
You hit the ufetubus but do no damage. You grab the ufetubus.
You squeeze the ufetubus!
You kill the ufetubus!
Found a runed bronze wand.
An orc wizard and an orc come into view.
There is an open door here.
You close the door.
You start waiting.
An orc wizard opens the door.
It is wielding a +0 dagger.
The orc wizard points at you and mumbles some strange words.
The puff of flame hits you!
Ouch! That really hurt!
There is an open door here.
You closely miss the orc wizard. Your grab misses the orc wizard.
You tentacle-slap the orc wizard.
The orc wizard is lightly wounded.
The orc wizard casts a spell at you.
You are confused.
You miss the orc wizard.
The orc wizard is lightly wounded.
The orc wizard hits you with a +0 dagger. x2
* * * LOW HITPOINT WARNING * * *
You bump into the rock wall.
The orc wizard closely misses you.
You are too confused!
Unknown command.
Okay, then.
You hit the orc wizard.
The orc wizard is moderately wounded.
The orc wizard hits you with a +0 dagger.
* * * LOW HITPOINT WARNING * * *
You closely miss the orc wizard.
The orc wizard is moderately wounded.
The orc wizard barely misses you.
You bump into the translucent rock wall.
The orc wizard hits you with a +0 dagger.
You die...

,,,,,,,,,****,,#...#*#...........
,**,,,,,,,,****#.###*..##....⌠...
,,,,,,,>,,,* #.# *#..##........
,,,*,,,,,,,* ###.###..........._.
,,***,,,,,,* ###'###....,,....,,,
,,,*,,,,,..####⌠.⌠##...#*,*#..,,,
,,<,,,,,,.....'.>.##,..##,#.,**,,
,,,,,,,,,..####⌠.⌠###...#...,,*,,
,,,,,,,,,,,* ###@###.......w,,,,,
,,,,,,,,,,,* ###o###........,,,*,
,,,,,,,,,,,* #.# #......).,,***
,*,,,,,,,,,* #.###..).?...,,,**
**,,,,,*,**** #............,,,*,
,**,*,,*,,,,***##...........,,,,,
,,,,,,,**,,,,,,*##.o........,,,**
,,***,,***,,,,,**##.........,,**
,,,,,,,,**,,,,,,#......<....,,,*


You could see an orc wizard.

Vanquished Creatures
  An ufetubus (D:5)
1 creature vanquished.

Notes
Turn   | Place    | Note
-------+----------+-------------------------------------------
     0 | D:5      | Esekla the Octopode Delver began the quest for the Orb.
     0 | D:5      | Reached XP level 1. HP: 16/16 MP: 1/1
     9 | D:5      | Found a glowing golden altar of the Shining One.
    28 | D:5      | Found a staircase to the Ecumenical Temple.
    33 | Temple   | Entered the Ecumenical Temple
    33 | Temple   | Found a transporter.
    33 | Temple   | Found a transporter.
    50 | D:5      | Noticed an orc wizard
    69 | D:5      | Slain by an orc wizard

Illustrated notes

Levels and vault maps discovered:
D:5:      layout_cave_pools, grunt_temple_overflow_open, temple_doors_cd,
          serial_shops, nicolae_shop_behind_doors, uniq_edmund, uniq_duvessa,
          uniq_eustachio
Temple:   hellmonk_temple_divided_pantheon

Action                     || total
---------------------------++-------
  Melee: Falchion          ||     5
         Constrict         ||     1
         Punch             ||     1
         Tentacles         ||     1
    Use: Scroll            ||     1
  Dodge: Dodged            ||     2

Table legend: (Time is in decaauts)
 A = Elapsed time spent in this place.
 B = Non-inter-level travel time spent in this place.
 C = Inter-level travel time spent in this place.
 D = Time resting spent in this place.
 E = Time spent auto-exploring this place.
 F = Levels seen in this place.
 G = Mean time per level.
                   A        B        C        D        E       F      G
               +--------+--------+--------+--------+--------+-----+--------+
         Total |     70 |     70 |      0 |      4 |      0 |   2 |   35.0 |
       Dungeon |     68 |     68 |      0 |      4 |      0 |   1 |   68.0 |
        Temple |      1 |      1 |      0 |      0 |      0 |   1 |    1.0 |
               +--------+--------+--------+--------+--------+-----+--------+

Top non-repeatable levels by time:
     D:5: 68 daAuts
  Temple: 1 daAuts
